 Dungeon Crawl Stone Soup version 0.23-a0-370-gf497b7c (webtiles) character file.

2 Gorice the Ruffian (level 1, 0/20 HPs)
             Began as a Gnoll Wanderer on Oct 24, 2018.
             Slain by a hobgoblin
             ... wielding a +0 club
              (4 damage)
             ... on level 1 of the Dungeon.
             The game lasted 00:00:37 (113 turns).

Gorice the Ruffian (Gnoll Wanderer)                  Turns: 113, Time: 00:00:38

Health: 0/20       AC:  2    Str: 15    XL:     1   Next: 30%
Magic:  4/4        EV: 11    Int: 13    God:
Gold:   0          SH:  0    Dex: 14    Spells: 5/5 levels left

rFire    . . .     SeeInvis .   f - +0 club
rCold    . . .     Gourm    .   (no shield)
rNeg     . . .     Faith    .   e - +0 robe
rPois    .         Spirit   .   (no helmet)
rElec    .         Reflect  .   (no cloak)
rCorr    .         Harm     .   (no gloves)
MR       .....                  (no boots)
Stlth    ++........             (no amulet)
HPRegen  0.06/turn              (no ring)
MPRegen  0.09/turn              (no ring)

@: no status effects
A: distributed training, fangs 1, strong nose
a: no special abilities


You were on level 1 of the Dungeon.
You were not hungry.

You visited 1 branch of the dungeon, and saw 1 of its levels.

Inventory:

Hand Weapons
 f - a +0 club (weapon)
Armour
 e - a +0 robe (worn)
Scrolls
 c - 2 scrolls of teleportation {!r}
 h - a scroll of noise {unknown}
Potions
 a - a potion of haste {!q}
 b - a potion of heal wounds {!q}
Comestibles
 d - a chunk of flesh
 g - a ration


   Skills:
 + Level 4.4 Fighting
 + Level 0.0 Short Blades
 + Level 0.0 Long Blades
 + Level 0.0 Axes
 + Level 0.0 Maces & Flails
 + Level 0.0 Polearms
 + Level 0.0 Staves
 + Level 0.0 Slings
 + Level 0.0 Bows
 + Level 0.0 Crossbows
 + Level 2.3 Throwing
 + Level 0.0 Armour
 + Level 0.0 Dodging
 + Level 2.1 Stealth
 + Level 0.0 Shields
 + Level 4.4 Unarmed Combat
 + Level 2.6 Spellcasting
 + Level 0.0 Conjurations
 + Level 0.0 Hexes
 + Level 0.0 Charms
 + Level 0.0 Summonings
 + Level 0.0 Necromancy
 + Level 0.0 Translocations
 + Level 0.0 Transmutations
 + Level 0.0 Fire Magic
 + Level 0.0 Ice Magic
 + Level 0.0 Air Magic
 + Level 3.6 Earth Magic
 + Level 0.0 Poison Magic
 + Level 0.0 Invocations
 + Level 2.3 Evocations


You had 5 spell levels left.
You didn't know any spells.
Your spell library contained the following spells:

 Spells                   Type           Power        Failure   Level  Hunger
 Shock                    Conj/Air       #...         24%         1    #......
 Mephitic Cloud           Conj/Pois/Air  #.......     58%         3    ###....


Dungeon Overview and Level Annotations

Branches:
Dungeon (1/15)

Altars:


Innate Abilities, Weirdness & Mutations

Your experience applies equally to all skills.
You have very sharp teeth.
Your uncanny sense of smell can sniff out nearby items.


Message History

Found 12 gold pieces.
You closely miss the hobgoblin. The hobgoblin hits you with a +0 club.
Damage: 4 (max 4)
You closely miss the hobgoblin.
You bite the hobgoblin, but do no damage.
The hobgoblin hits you with a +0 club.
Damage: 2 (max 4)
You barely miss the hobgoblin. The hobgoblin closely misses you.
You hit the hobgoblin.
The hobgoblin is severely wounded.
The hobgoblin closely misses you. The hobgoblin misses you.
You hit the hobgoblin but do no damage.
The hobgoblin is severely wounded.
The hobgoblin hits you with a +0 club.
Damage: 3 (max 4)
You hit the hobgoblin.
You kill the hobgoblin!
The hobgoblin hits you but does no damage.
You closely miss the hobgoblin.
The hobgoblin hits you but does no damage.
You completely miss the hobgoblin. Your punch misses the hobgoblin.
You bite the hobgoblin, but do no damage.
The hobgoblin hits you but does no damage.
You hit the hobgoblin but do no damage. Your bite misses the hobgoblin.
The hobgoblin hits you with a +0 club.
* * * LOW HITPOINT WARNING * * *
Damage: 2 (max 4)
You hit the hobgoblin. You bite the hobgoblin.
The hobgoblin is heavily wounded.
The hobgoblin hits you but does no damage.
You barely miss the hobgoblin.
You bite the hobgoblin, but do no damage.
The hobgoblin is heavily wounded.
The hobgoblin hits you with a +0 club.
* * * LOW HITPOINT WARNING * * *
The hobgoblin hits you but does no damage.
Damage: 5 (max 5)
You closely miss the hobgoblin.
The hobgoblin is heavily wounded.
The hobgoblin barely misses you.
You barely miss the hobgoblin.
The hobgoblin is heavily wounded.
The hobgoblin hits you with a +0 club.
* * * LOW HITPOINT WARNING * * *
Damage: 2 (max 5)
You barely miss the hobgoblin.
You bite the hobgoblin, but do no damage.
The hobgoblin is heavily wounded.
The hobgoblin hits you with a +0 club.
You die...

### ### #.. ..# #.# #.#
#.####.##
####.......#####
##.##.##...... .#
##...#.##.#..###.####..
##.........#...g@.......
......#)......#.........
####.##.#####.#.#.###...
#)##.......#.#.###. ##
#.########.#.#..##....
#'# #.#.##.##.#.# ...
#.#.##.##...# .....
#...........## .......
##..........8########


You could see a hobgoblin.

Vanquished Creatures
  A hobgoblin (D:1)
  A bat (D:1)
2 creatures vanquished.

Notes
Turn   | Place    | Note
-------+----------+-------------------------------------------
     0 | D:1      | Gorice the Gnoll Wanderer began the quest for the Orb.
     0 | D:1      | Gorice set off with: a potion of haste {!q}, a potion of
                  | heal wounds {!q}, a scroll of teleportation {!r}, a +0
                  | robe, a +0 club, a ration
     0 | D:1      | Reached XP level 1. HP: 20/20 MP: 4/4
    97 | D:1      | HP: 5/20 [hobgoblin/+0 club (5)]
   112 | D:1      | HP: 4/20 [hobgoblin/+0 club (2)]
   113 | D:1      | Slain by a hobgoblin

Vault maps used:
D:1:      psy_arrival_basics, minmay_tromino_v2

Action                   || total
-------------------------++-------
Melee: Club              ||    22
       Bite              ||     6
 Stab: Sleeping          ||     1
Armor: Robe              ||     5
Dodge: Dodged            ||    15

Table legend:
 A = Non-vault XP
 B = Vault XP
 C = Vault XP percentage of total XP
 D = Non-vault monster count
 E = Vault monster count
 F = Vault count percentage of total count
                 A         B        C        D         E       F
            +---------+---------+-------+---------+---------+-------
      Total |       3 |       0 |   0.0 |       2 |       0 |   0.0
            +---------+---------+-------+---------+---------+-------
        D:1 |       3 |       0 |   0.0 |       2 |       0 |   0.0
            +---------+---------+-------+---------+---------+-------

Table legend:
 A = Turns spent in this place as a percentage of turns spent in the entire game.
 B = Non-inter-level travel turns spent in this place as a percentage of non-inter-level travel turns spent in the entire game.
 C = Inter-level travel turns spent in this place as a percentage of turns spent in this place.
 D = Turns resting spent in this place as a percentage of non-inter-level travel turns spent in this place.
 E = Turns spent auto-exploring this place as a percentage of non-inter-level travel turns spent in this place.
 F = Non-inter-level travel turns spent in this place divided by the number of levels of this place that you've seen.
                   A       B       C       D       E      F
               +-------+-------+-------+-------+-------+----------------------
         Total | 100.0 | 100.0 |   0.0 |   0.0 |  34.5 | 113.0
       Dungeon | 100.0 | 100.0 |   0.0 |   0.0 |  34.5 | 113.0
               +-------+-------+-------+-------+-------+----------------------

Vault maps used:
D:1:      psy_arrival_basics, minmay_tromino_v2
